 Dungeon Crawl Stone Soup version 0.23.2-40-g277498a001 (webtiles) character file.

Game seed: 16138576561010865717

102 BinkBink the Ducker (level 4, -4/34 HPs)
             Began as a Demonspawn Gladiator on Aug 19, 2019.
             Was an Initiate of Ashenzari.
             Slain by a worm (6 damage)
             ... on level 3 of the Dungeon.
             The game lasted 00:04:08 (2030 turns).

BinkBink the Ducker (Demonspawn Gladiator)          Turns: 2030, Time: 00:04:09

Health: -4/34      AC:  8    Str: 14    XL:     4   Next: 50%
Magic:  4/4        EV: 13    Int:  9    God:    Ashenzari [......]
Gold:   136        SH:  0    Dex: 16    Spells: 3/3 levels left

rFire    . . .     SeeInvis .   s - -1 mace (curse)
rCold    . . .     Gourm    .   (no shield)
rNeg     . . .     Faith    .   b - +0 leather armour
rPois    .         Spirit   .   c - +0 helmet
rElec    .         Reflect  .   (no cloak)
rCorr    .         Harm     .   o - +1 pair of gloves
MR       .....                  (no boots)
Stlth    +.........             (no amulet)
HPRegen  0.11/turn              (no ring)
MPRegen  0.09/turn              (no ring)

@: lethally poisoned (-4 -> -5)
A: claws 1, yellow scales 1
a: Curse Item, Renounce Religion


You were on level 3 of the Dungeon.
You worshipped Ashenzari.
Ashenzari was noncommittal.
You were not hungry.

You visited 1 branch of the dungeon, and saw 3 of its levels.

You collected 136 gold pieces.

Inventory:

Hand Weapons
 a - a +0 trident
 g - a +3 dagger of protection
 s - a cursed -1 mace (weapon)
Missiles
 d - 4 throwing nets (quivered)
Armour
 b - a +0 leather armour (worn)
 c - a +0 helmet (worn)
 o - a +1 pair of gloves (worn)
Scrolls
 h - 3 scrolls of teleportation
 k - 2 scrolls of identify
 l - a scroll of random uselessness
Potions
 m - a potion of ambrosia
 p - a potion of curing {unknown}
 r - a potion of lignification {unknown}
 u - a potion of agility {unknown}
Comestibles
 f - 4 rations


   Skills:
 + Level 2.4 Fighting
 + Level 1.8 Short Blades
 + Level 3.1 Polearms
 + Level 2.0 Throwing
 + Level 1.3 Armour
 + Level 3.2 Dodging


You had 3 spell levels left.
You didn't know any spells.
Your spell library was empty.

Dungeon Overview and Level Annotations

Branches:
Dungeon (3/15)

Altars:
Ashenzari


Innate Abilities, Weirdness & Mutations

You have sharp fingernails.
You are partially covered in yellow scales. (AC +2)


Message History

The hobgoblin hits you but does no damage. x2
The kobold hits you but does no damage.
You closely miss the hobgoblin.
The hobgoblin is almost dead.
The hobgoblin closely misses you.
The hobgoblin hits you but does no damage.
The kobold hits you but does no damage. The worm misses you.
The hobgoblin barely misses you.
The hobgoblin hits you but does no damage.
Your leather armour prevents you from hitting the hobgoblin.
The hobgoblin is almost dead.
* * * LOW HITPOINT WARNING * * *
You feel sick. The kobold hits you but does no damage.
The hobgoblin closely misses you. The worm completely misses you.
The hobgoblin barely misses you. The kobold misses you.
You hit the hobgoblin.
You kill the hobgoblin!
The hobgoblin hits you but does no damage.
The kobold closely misses you. The worm bites you.
You die...

#########
#<((....#
#.......#
#.......########
#=..(...#......#
#.......#gK....#
#........w@)....#
#........###.####
#.....$..# .[
.......?..# ...
......#.#### ...
#######.# ## #.


You could see a worm, a hobgoblin and a kobold.

Vanquished Creatures
  5 adders
  2 worms (D:2)
  3 dart slugs
  2 leopard geckos (D:2)
  A ball python (D:1)
  7 goblins
  7 hobgoblins
  A quokka (D:2)
  4 bats
  3 frilled lizards
  5 kobolds
  3 rats (D:1)
43 creatures vanquished.

Notes
Turn   | Place    | Note
-------+----------+-------------------------------------------
     0 | D:1      | BinkBink the Demonspawn Gladiator began the quest for the
                  | Orb.
     0 | D:1      | Reached XP level 1. HP: 16/16 MP: 1/1
   269 | D:1      | Gained mutation: You are partially covered in yellow
                  | scales. (AC +2) [demonic ancestry]
   269 | D:1      | Reached XP level 2. HP: 22/22 MP: 2/2
   915 | D:2      | Gained mutation: You have sharp fingernails. [demonic
                  | ancestry]
   915 | D:2      | Reached XP level 3. HP: 23/27 MP: 3/3
  1001 | D:2      | Reached skill level 1 in Short Blades
  1160 | D:2      | Found a shattered altar of Ashenzari.
  1174 | D:2      | Became a worshipper of Ashenzari the Shackled
  1196 | D:2      | Reached XP level 4. HP: 33/34 MP: 4/4
  2021 | D:3      | Reached skill level 1 in Armour
  2029 | D:3      | HP: 1/34 [poisoned by an adder]
  2030 | D:3      | Slain by a worm

Skill      XL: |  1  2  3  4 |
---------------+-------------+-----
Polearms       | 3 |  3.1
Dodging        | 3 |  3.2
Throwing       | 2 |  2.0
Short Blades   | 1 |  1.8
Armour         | 1 |  1.3
Fighting       | |  2.4

Action                   |  1- 3 |  4- 6 || total
-------------------------+-------+-------++-------
Melee: Dagger            |   144 |    10 ||   154
       Trident           |    14 |       ||    14
       Mace              |       |    52 ||    52
  Use: Scroll            |       |     8 ||     8
 Stab: Sleeping          |     1 |       ||     1
  Eat: Chunk             |     1 |     1 ||     2
       Ration            |       |     1 ||     1
Armor: Leather armour    |    60 |    32 ||    92
Dodge: Dodged            |   113 |    55 ||   168
